 Dungeon Crawl Stone Soup version 0.31-a0-1205-g5e5e916f41 (webtiles) character file.

Game seed: 2767094028440215500

5641 MacCMillion the Cleaver (level 10, -5/90 HPs)
             Began as a Minotaur Fighter on Dec 11, 2023.
             Was a Believer of Lugonu.
             Slain by a merfolk
             ... wielding a +0 trident
             ... led by the fury of Okawaru
              (15 damage)
             ... in a bailey on Dec 13, 2023.
             The game lasted 00:20:09 (9646 turns).

MacCMillion the Cleaver (Minotaur Fighter)          Turns: 9646, Time: 00:20:09

Health: -5/90      AC: 14    Str: 25    XL:     10   Next: 46%
Magic:  13/13      EV:  7    Int:  5    God:    Lugonu [**....]
Gold:   451        SH: 13    Dex: 10    Spells: 9/9 levels left

rFire   . . .        a - +1 war axe
rCold   . . .        A - +0 tower shield
rNeg    . . .        D - +0 chain mail
rPois   +            (helmet restricted)
rElec   .            (no cloak)
rCorr   .            (no gloves)
SInv    .            (no boots)
Will    .....        y - amulet of regeneration Stlth
                     u - +4 ring of protection
HPRegen 1.15/turn    G - ring of poison resistance
MPRegen 0.13/turn

%: no passive effects
@: slowed, very slow
A: horns 2, retaliatory headbutt
a: Renounce Religion, Depart the Abyss, Banish


You were in a bailey.
You worshipped Lugonu.
Lugonu was pleased with you.
You visited 1 branch of the dungeon, and saw 9 of its levels.
You visited the Abyss 1 time.
You also visited: Sewer and Bailey.

You collected 451 gold pieces.

Inventory:

Hand Weapons
 a - a +1 war axe (weapon)
 H - a +1 antimagic hand axe
 I - a +3 battleaxe
Armour
 c - a +0 buckler
 A - a +0 tower shield (worn)
 D - a +0 chain mail (worn)
Jewellery
 u - a +4 ring of protection (left hand)
 w - a +4 ring of protection
 x - an amulet of faith
 y - an amulet of regeneration (around neck)
 B - a +5 ring of evasion
 G - a ring of poison resistance (right hand)
Wands
 C - a wand of mindburst (10)
 F - a wand of acid (8)
 K - a wand of flame (14)
Scrolls
 h - a scroll of enchant armour
 k - 2 scrolls of immolation {unknown}
 l - 2 scrolls of fear {unknown}
 m - 2 scrolls of enchant weapon
 n - 3 scrolls of teleportation
 o - 2 scrolls of vulnerability
 q - a scroll of poison {unknown}
 t - 3 scrolls of noise {unknown}
 v - 3 scrolls of fog {unknown}
Potions
 b - a potion of attraction {unknown}
 d - 4 potions of might
 e - 5 potions of curing
 f - a potion of berserk rage
 g - 2 potions of cancellation
 i - 3 potions of degeneration
 j - 2 potions of invisibility
 p - a potion of haste
 r - a potion of heal wounds {unknown}
 s - 2 potions of enlightenment
 z - 3 potions of ambrosia {unknown}
 J - a potion of magic {unknown}
 L - a potion of mutation {unknown}
 M - 2 potions of brilliance {unknown}


   Skills:
 - Level 8.6 Fighting
 - Level 12.5 Axes
 - Level 8.2 Armour
 - Level 2.0 Dodging
 + Level 5.6 Shields
 - Level 6.4 Invocations


You had 9 spell levels left.
You didn't know any spells.
Your spell library contained the following spells:

 Spells                   Type           Power      Damage    Failure   Level
 Slow                     Hex            0%         N/A       100%        1
 Summon Small Mammal      Summ           0%         N/A       100%        1
 Cigotuvi's Dreadful Rot  Necr/Pois/Air  0%         N/A       100%        2
 Sublimation of Blood     Necr           0%         N/A       100%        2
 Wereblood                Tmut           0%         N/A       100%        2
 Call Canine Familiar     Summ           0%         N/A       100%        3
 Confusing Touch          Hex            0%         N/A       100%        3
 Dazzling Flash           Conj/Hex       0%         N/A       100%        3
 Ignite Poison            Fire/Tmut/Pois 0%         N/A       100%        3
 Sigil of Binding         Hex            0%         N/A       100%        3
 Summon Guardian Golem    Hex/Summ       0%         N/A       100%        3
 Vampiric Draining        Necr           0%         2d6       100%        3
 Agony                    Necr           0%         N/A       100%        5
 Freezing Cloud           Conj/Ice/Air   0%         6-21      100%        5
 Silence                  Hex/Air        0%         N/A       100%        5
 Summon Hydra             Summ           0%         N/A       100%        7


Dungeon Overview and Level Annotations

Branches:
Dungeon (9/15)             Temple (0/1) D:5           Sewer (visited)
 Bailey (1/1)
   Lair: D:8-11         Orc: D:9-12

Altars:
Ashenzari
Dithmenos
Kikubaaqudgha
Nemelex Xobeh
Okawaru
Ru
Trog
Yredelemnul

Shops:
D:5 [

Annotations:
D:3 3 runed translucent doors, jotaen's ghost, amateur MiFi
D:4 3 runed translucent doors, RuneEnjoyer's ghost, amateur HuFi
D:6 3 runed translucent doors, Azuvok's ghost, novice HOGl


Innate Abilities, Weirdness & Mutations

You have a pair of horns on your head.
You reflexively headbutt those who attack you in melee.


Message History

The merfolk javelineer throws a javelin.
The javelin pierces through you!
You slice the merfolk javelineer!!
The merfolk javelineer is heavily wounded.
You barely miss the centaur warrior. You completely miss the centaur.
The centaur warrior barely misses you. You block the centaur warrior's attack.
The centaur hits you but does no damage.
The centaur kicks you but does no damage.
You block the centaur warrior's attack.
The centaur warrior kicks you but does no damage.
You block the centaur's attack.
The centaur kicks you but does no damage.
The merfolk javelineer throws a javelin.
The javelin pierces through you. You block the merfolk's attack.
The merfolk hits you from afar with a +0 trident!
* * * LOW HITPOINT WARNING * * *
The centaur warrior hits you!
* * * LOW HITPOINT WARNING * * *
The centaur warrior kicks you but does no damage.
The centaur hits you.
* * * LOW HITPOINT WARNING * * *
The centaur kicks you but does no damage.
You miss the merfolk javelineer.
The merfolk javelineer is moderately wounded.
You hit the centaur but do no damage. You slash the centaur warrior!
You block the centaur warrior's attack.
The centaur warrior kicks you but does no damage.
You block the centaur's attack.
The centaur kicks you but does no damage.
The merfolk javelineer throws a javelin.
The javelin closely misses you.
The merfolk hits you but does no damage. x2
The centaur warrior hits you.
* * * LOW HITPOINT WARNING * * *
The centaur warrior kicks you but does no damage.
The centaur hits you.
* * * LOW HITPOINT WARNING * * *
You block the centaur's attack. You block the merfolk's attack.
The merfolk hits you from afar with a +0 trident!
You die...

............# ##...........
........##..# #...........
........##.### ##..........
........##.')# #..........
........##.### #..........
........##.')# ##..........
........##.####### .##..........
.........#..##.#)# ..#...........
.........##..#'#@#..##...........
..........##.mmmccm##............
..≈≈.≈≈≈...#########...≈≈≈.≈≈....
.≈≈#.##≈......###......≈##.#≈≈...
.≈##.∩#≈...............≈#∩.##≈...
.≈#..)).)................)..#≈...
.≈##.##≈...............≈##.##≈...
.≈≈###≈≈...............≈≈###≈≈...
..≈≈≈≈≈.................≈≈≈≈≈....


You could see a merfolk javelineer, 3 merfolk, a centaur warrior and a centaur.

Vanquished Creatures
  Erolcha (D:8)
  Pikel (D:4)
  Joseph (D:8)
  A hellwing (Abyss:1)
  A hornet (D:9)
  A steam dragon (D:7)
  A small abomination (Abyss:1)
  2 water moccasins (D:7)
  8 orc warriors (Bailey)
  2 ogres
  A crocodile (Sewer)
  2 centaurs
  3 lemures (D:4)
  A kobold brigand (D:9)
  3 bullfrogs
  Blork the orc (D:5)
  3 scorpions
  5 wights
  12 killer bees
  2 howler monkeys (D:8)
  2 hounds
  5 orc priests
  A gnoll bouda (D:9)
  Terence (D:2)
  7 iguanas
  9 orc wizards
  A sleepcap (D:4)
  Robin (D:2)
  7 gnolls
  4 adders
  A shadow imp (D:7)
  4 white imps
  2 ufetubi (D:5)
  A dart slug (D:2)
  A worm (D:2)
  32 orcs
  8 endoplasms
  2 giant cockroaches (D:1)
  14 goblins
  2 hobgoblins
  4 jackals
  6 quokkas
  6 ball pythons
  3 bats
  5 frilled lizards
  11 kobolds
  4 rats
196 creatures vanquished.

Notes
Turn   | Place    | Note
-------+----------+-------------------------------------------
     0 | D:1      | MacCMillion the Minotaur Fighter began the quest for the
                  | Orb.
     0 | D:1      | Reached XP level 1. HP: 19/19 MP: 0/0
   159 | D:1      | Reached skill level 3 in Axes
   159 | D:1      | Reached XP level 2. HP: 26/26 MP: 1/1
   429 | D:1      | Found a faded altar of an unknown god.
   648 | D:2      | Noticed Terence
   648 | D:2      | Noticed Robin
   652 | D:2      | Reached skill level 4 in Axes
   653 | D:2      | Reached XP level 3. HP: 31/31 MP: 2/2
   825 | D:2      | Killed Terence
   826 | D:2      | Reached skill level 5 in Axes
   826 | D:2      | Reached XP level 4. HP: 14/39 MP: 3/3
   945 | D:2      | Killed Robin
   977 | D:2      | Found a shadowy altar of Dithmenos.
  1582 | D:3      | Reached skill level 6 in Axes
  1582 | D:3      | Reached XP level 5. HP: 37/45 MP: 4/4
  1586 | D:3      | Found an ancient bone altar of Kikubaaqudgha.
  1586 | D:3      | Found a sacrificial altar of Ru.
  1680 | D:3      | Found a glowing drain.
  1684 | Sewer    | Entered a sewer
  1941 | Sewer    | Noticed a crocodile
  1951 | Sewer    | Killed a crocodile
  1952 | Sewer    | Reached skill level 7 in Axes
  1965 | Sewer    | Upgraded the game from 0.31-a0-1176-gb7303255ee to
                  | 0.31-a0-1205-g5e5e916f41
  1975 | Sewer    | Identified the +1 robe of Venypp {Regen+}
  2032 | D:3      | Found a runed translucent gate.
  2032 | D:3      | Found a runed translucent gate.
  2032 | D:3      | Found a runed translucent gate.
  2127 | D:3      | Reached XP level 6. HP: 45/51 MP: 5/5
  2313 | D:3      | Noticed jotaen's ghost (amateur MiFi)
  2443 | D:3      | Found a bloodstained altar of Trog.
  2443 | D:3      | Found an iron altar of Okawaru.
  2903 | D:3      | Became a worshipper of Warmaster Okawaru
  2994 | D:4      | Reached skill level 8 in Axes
  3036 | D:4      | Noticed Pikel
  3308 | D:4      | Found a runed translucent gate.
  3308 | D:4      | Found a runed translucent gate.
  3308 | D:4      | Found a runed translucent gate.
  3477 | D:4      | Noticed RuneEnjoyer's ghost (amateur HuFi)
  3685 | D:4      | Killed Pikel
  3686 | D:4      | Reached skill level 10 in Axes
  3686 | D:4      | Reached XP level 7. HP: 5/60 MP: 6/6
  3974 | D:4      | Reached * piety under Okawaru
  4244 | D:4      | Reached skill level 1 in Dodging
  4267 | D:4      | Reached XP level 8. HP: 67/67 MP: 7/7
  4459 | D:5      | Entered Level 5 of the Dungeon
  4552 | D:5      | Noticed Blork the orc
  4564 | D:5      | Killed Blork the orc
  4565 | D:5      | Reached skill level 5 in Fighting
  4759 | D:5      | Found Xilier's Armour Boutique.
  4866 | D:5      | Found a staircase to the Ecumenical Temple.
  5241 | D:5      | Reached skill level 1 in Invocations
  5534 | D:6      | Found a sparkling altar of Nemelex Xobeh.
  6116 | D:6      | Found a runed translucent gate.
  6116 | D:6      | Found a runed translucent gate.
  6116 | D:6      | Found a runed translucent gate.
  6118 | D:6      | Noticed Azuvok's ghost (novice HOGl)
  6118 | D:6      | Noticed a spectral unseen horror
  6471 | D:7      | Reached skill level 5 in Armour
  6483 | D:7      | Found a basalt altar of Yredelemnul.
  6487 | D:7      | Reached ** piety under Okawaru
  6488 | D:7      | Reached skill level 11 in Axes
  6645 | D:6      | Reached XP level 9. HP: 74/75 MP: 11/11
  7751 | D:8      | Reached skill level 5 in Invocations
  7761 | D:7      | Reached *** piety under Okawaru
  7935 | D:8      | Found a broken altar of Ashenzari.
  8186 | D:8      | Noticed Joseph
  8202 | D:8      | Killed Joseph
  8203 | D:8      | Reached skill level 12 in Axes
  8388 | D:9      | Noticed Erolcha
  8388 | D:9      | Noticed a two-headed ogre
  8394 | Abyss:1  | Cast into level 1 of the Abyss (Erolcha)
  8440 | Abyss:1  | Found a corrupted altar of Lugonu.
  8441 | Abyss:1  | Noticed a hellwing
  8442 | Abyss:1  | Found a corrupted altar of Lugonu.
  8454 | Abyss:1  | Fell from the grace of Okawaru
  8454 | Abyss:1  | Became a worshipper of Lugonu the Unformed
  8454 | Abyss:1  | Reached * piety under Lugonu
  8454 | Abyss:1  | Reached ** piety under Lugonu
  8456 | Abyss:1  | Killed a hellwing
  8461 | Abyss:1  | Reached XP level 10. HP: 80/88 MP: 13/13
  8467 | Abyss:1  | Noticed a large abomination
  8468 | D:8      | Escaped the Abyss
  8473 | D:8      | Killed Erolcha
  8644 | D:9      | Found a flagged portal.
  8653 | Bailey   | Entered a bailey
  9265 | Bailey   | Banished a deep elf knight
  9493 | Bailey   | Reached skill level 5 in Shields
  9641 | Bailey   | Banished a tengu warrior
  9642 | Bailey   | Noticed a centaur warrior
  9642 | Bailey   | Noticed a merfolk javelineer
  9646 | Bailey   | Slain by a merfolk

Illustrated notes

Levels and vault maps discovered:
D:1:      psy_arrival_dodecagon, layout_loops_cross,
          shapermc_ecumenical_altar_mp_urbaneastern
D:2:      layout_rooms, basic_altar, small_statue_intersection,
          corexii_leaking_fountain, chequers_arboretum, uniq_terence, uniq_robin
D:3:      layout_loops_ring, gammafunk_temple_overflow_elements,
          chequers_temple_overflow_statue_of_worship, gammafunk_ghost_icy,
          gup_sewer_entry_bowl
D:4:      cheibrodos_old_hovel, layout_loops_ring, ebering_ghost_rock_garden,
          uniq_pikel
D:5:      layout_cave_pods, temple_hall, serial_shops, nicolae_stop_n_shop_2,
          uniq_blork_the_orc
D:6:      layout_loops_corners, mainiacjoe_overflow_cross_hatched,
          gammafunk_ghost_necromancy, hex_medium
D:7:      layout_layer_cave, yredelemnul_altar_generic
D:8:      layout_basic, ashenzari_conservatory_becter, uniq_joseph
D:9:      layout_basic, enter_bailey_2, uniq_erolcha
Bailey:   bailey_polearm_2, bailey

Skill      XL: |  1  2  3  4  5  6  7  8  9 10 |
---------------+-------------------------------+-----
Axes           | 3 4 5 6 7 10 11 12 | 12.5
Shields        | 4 5 |  5.6
Fighting       | 4 6 7 8 |  8.6
Dodging        | 1 2 |  2.0
Armour         | 4 5 7 8 |  8.2
Invocations    | 4 5 6 |  6.4

Action                     |  1- 3 |  4- 6 |  7- 9 | 10-12 || total
---------------------------+-------+-------+-------+-------++-------
  Melee: War axe           |    58 |   157 |   250 |    81 ||   546
         Headbutt          |     6 |    27 |    37 |    10 ||    80
 Invoke: Depart the Abyss  |       |       |       |     1 ||     1
    Use: Scroll            |       |     9 |       |     2 ||    11
         Potion            |       |       |     1 |       ||     1
 Armour: Scale mail        |    41 |    96 |    35 |       ||   172
         Chain mail        |       |       |   158 |   101 ||   259
  Dodge: Dodged            |    18 |    55 |   129 |    38 ||   240
  Block: Buckler           |    11 |    26 |    57 |    10 ||   104
         Tower shield      |       |       |       |    37 ||    37

Table legend: (Time is in decaauts)
 A = Elapsed time spent in this place.
 B = Non-inter-level travel time spent in this place.
 C = Inter-level travel time spent in this place.
 D = Time resting spent in this place.
 E = Time spent auto-exploring this place.
 F = Levels seen in this place.
 G = Mean time per level.
                   A        B        C        D        E       F      G
               +--------+--------+--------+--------+--------+-----+--------+
         Total |   9722 |   9401 |    321 |   2520 |   5008 |  12 |  810.2 |
       Dungeon |   8308 |   7987 |    321 |   1601 |   4822 |   9 |  923.1 |
         Abyss |     83 |     83 |      0 |     15 |     39 |   1 |   83.0 |
         Sewer |    331 |    331 |      0 |    200 |     38 |   1 |  331.0 |
        Bailey |    999 |    999 |      0 |    704 |    108 |   1 |  999.0 |
               +--------+--------+--------+--------+--------+-----+--------+

Top non-repeatable levels by time:
     D:3: 1518 daAuts
     D:7: 1293 daAuts
     D:4: 1176 daAuts
     D:5: 1009 daAuts
  Bailey: 999 daAuts
     D:6: 998 daAuts
     D:1: 802 daAuts
     D:2: 698 daAuts
     D:8: 689 daAuts
   Sewer: 331 daAuts
     D:9: 121 daAuts
 Abyss:1: 83 daAuts
